 Dungeon Crawl Stone Soup version 0.29.0-4-gdea44cf6ec (webtiles) character file.

Game seed: 16028508164070765434

106 qw the Chopper (level 4, -11/39 HPs)
             Began as a Minotaur Fighter on Sept 6, 2022.
             Mangled by a gnoll
             ... wielding a +0 halberd
              (13 damage)
             ... on level 3 of the Dungeon.
             The game lasted 00:00:30 (1297 turns).

qw the Chopper (Minotaur Fighter)                   Turns: 1297, Time: 00:00:31

Health: -11/39     AC:  6    Str: 22    XL:     4   Next: 55%
Magic:  3/3        EV:  9    Int:  5    God:
Gold:   32         SH:  4    Dex: 10    Spells: 3/3 levels left

rFire   . . .      SeeInvis .   Y - +0 war axe
rCold   . . .      Faith    .   c - +0 buckler
rNeg    . . .      Spirit   .   b - +0 scale mail
rPois   .          Reflect  .   (helmet restricted)
rElec   .          Harm     .   (no cloak)
rCorr   .          Rampage  .   (no gloves)
Will    .....                   (no boots)
Stlth   ..........              (no amulet)
HPRegen 0.13/turn               (no ring)
MPRegen 0.08/turn               (no ring)

@: no status effects
A: horns 2, retaliatory headbutt
a: no special abilities


You were on level 3 of the Dungeon.
You visited 1 branch of the dungeon, and saw 3 of its levels.

You collected 32 gold pieces.


Innate Abilities, Weirdness & Mutations

You have a pair of horns on your head.
You reflexively headbutt those who attack you in melee.


   Skills:
 - Level 3.6 Fighting
 + Level 5.7 Axes
 - Level 3.6 Armour
 - Level 1.0 Dodging
 - Level 3.6 Shields


You had 3 spell levels left.
You didn't know any spells.
Your spell library was empty.

Inventory:

Hand Weapons
 h - a +0 club
 Y - a +0 war axe (weapon)
Armour
 b - a +0 scale mail (worn)
 c - a +0 buckler (worn)
 e - a +0 chain mail
Potions
 a - a potion of invisibility {unknown}
 d - a potion of might
 i - a potion of haste {unknown}
 j - a potion of flight {unknown}

Dungeon Overview and Level Annotations

Branches:
Dungeon (2/15)

Altars:


Message History

A ball python comes into view.
1281 ||| Stepping ~*~*~tactically~*~*~ (stealth).
The ball python hisses angrily.
You hear a shout!
1283 ||| Stepping ~*~*~tactically~*~*~ (hiding).
The gnoll attacks as you move away! The gnoll hits you with a +0 club.
You hit the gnoll.
The gnoll is moderately wounded.
The gnoll hits you with a +0 club. x2
You slash the gnoll!
You kill the gnoll!
You start resting.
A gnoll is nearby!
The gnoll throws a throwing net.
The throwing net hits you.
You become entangled in the net!
You struggle against the net.
The gnoll hits you but does no damage.
You struggle against the net.
The gnoll hits you with a +0 whip. The gnoll completely misses you.
You struggle against the net.
The gnoll hits you with a +0 whip.
The gnoll hits you from afar with a +0 halberd.
You shred the net and break free! The gnoll barely misses you.
The gnoll closely misses you.
You hit the gnoll. You headbutt the gnoll.
The gnoll is moderately wounded.
The gnoll hits you with a +0 whip.
The gnoll hits you from afar with a +0 halberd!
You slash the gnoll!
You kill the gnoll!
The gnoll hits you from afar with a +0 halberd. x2
A quokka comes into view.
You block the gnoll's attack.
A giant cockroach comes into view.
Things that are here:
a +0 whip; 10 gold pieces; a +0 club You closely miss the gnoll.
You headbutt the gnoll.
The gnoll is lightly wounded.
A ball python comes into view.
The gnoll hits you with a +0 halberd!
You die...

#.####...........
.....
#.[..............
....
#.#..............
S..
#.#...###........
.r##.#...##.........
.r#|....##.........
#S##...###.........
#g##...............
#.@..#.....###..###
#######...####..#
######....#....#
........####...###
#####...###....)..
###..........)
###....####)
#...#####)
#....##...


You could see a gnoll, 2 quokkas and 2 ball pythons.

Vanquished Creatures
  A jelly (D:3)
  2 adders (D:3)
  2 gnolls (D:3)
  A dart slug (D:1)
  4 orcs (D:3)
  2 ball pythons (D:1)
  4 endoplasms
  5 goblins
  5 hobgoblins
  A quokka (D:1)
  2 frilled lizards (D:1)
  2 rats (D:1)
31 creatures vanquished.

Notes
Turn   | Place    | Note
-------+----------+-------------------------------------------
     0 | D:1      | qw the Minotaur Fighter began the quest for the Orb.
     0 | D:1      | Reached XP level 1. HP: 19/19 MP: 0/0
     0 | D:1      | 0 ||| qw: Version: 0.1-a-107-g9ff403c
     0 | D:1      | 0 ||| qw: Game counter: 6131
     0 | D:1      | 0 ||| qw: Always use a shield: true
     0 | D:1      | 0 ||| qw: God list: Ru
     0 | D:1      | 0 ||| qw: Allow faded altars: false
     0 | D:1      | 0 ||| qw: Do Orc after D:15 true
     0 | D:1      | 0 ||| qw: Do second Lair branch before Depths: true
     0 | D:1      | 0 ||| qw: Lair rune preference: random
     0 | D:1      | 0 ||| qw: Plans: Normal
     0 | D:1      | 0 ||| PLANNING D:1-11
   192 | D:1      | Reached skill level 3 in Axes
   282 | D:1      | Reached XP level 2. HP: 26/26 MP: 1/1
   602 | D:1      | Reached skill level 4 in Axes
   951 | D:1      | 951 ||| READING scroll labelled DUGOAZEETAFU.
   952 | D:1      | 952 ||| READING scroll labelled QYUGABB ZAOGE.
   953 | D:1      | 953 ||| READING scroll labelled ITAIDGH SIFRIM.
  1039 | D:2      | You fall into a shaft and drop 1 floor!
  1114 | D:3      | Reached skill level 5 in Axes
  1114 | D:3      | Reached XP level 3. HP: 28/31 MP: 2/2
  1161 | D:3      | Reached XP level 4. HP: 39/39 MP: 3/3
  1168 | D:3      | Reached skill level 1 in Dodging
  1168 | D:3      | 1168 ||| Stepping ~*~*~tactically~*~*~ (stealth).
  1170 | D:3      | 1170 ||| Stepping ~*~*~tactically~*~*~ (stealth).
  1173 | D:3      | 1173 ||| Stepping ~*~*~tactically~*~*~ (stealth).
  1174 | D:3      | 1174 ||| Stepping ~*~*~tactically~*~*~ (stealth).
  1177 | D:3      | 1177 ||| Stepping ~*~*~tactically~*~*~ (stealth).
  1279 | D:3      | 1279 ||| Stepping ~*~*~tactically~*~*~ (stealth).
  1281 | D:3      | 1281 ||| Stepping ~*~*~tactically~*~*~ (stealth).
  1283 | D:3      | 1283 ||| Stepping ~*~*~tactically~*~*~ (hiding).
  1294 | D:3      | HP: 8/39 [gnoll/+0 halberd (9)]
  1295 | D:3      | HP: 3/39 [gnoll/+0 halberd (5)]
  1297 | D:3      | Mangled by a gnoll

Levels and vault maps discovered:
D:1:      arrival_zaba_pyramid, layout_basic
D:2:      layout_loops_cross, basic_altar
D:3:      layout_basic, nicolae_yredelemnul_corpse_copse,
          dreamdust_ecumenical_altar_hidden_monk_grotto,
          hangedman_decor_growths, uniq_jessica, uniq_robin

Skill      XL: |  1  2  3  4 |
---------------+-------------+-----
Axes           | 3 5 |  5.7
Dodging        | 1 |  1.0
Fighting       | |  3.6
Armour         | |  3.6
Shields        | |  3.6

Action                   |  1- 3 |  4- 6 || total
-------------------------+-------+-------++-------
Melee: War axe           |    54 |    18 ||    72
       Headbutt          |     5 |     3 ||     8
  Use: Scroll            |     3 |       ||     3
Armor: Scale mail        |    13 |     6 ||    19
Dodge: Dodged            |    23 |     8 ||    31
Block: Buckler           |     9 |     3 ||    12

Table legend:
 A = Non-vault XP
 B = Vault XP
 C = Vault XP percentage of total XP
 D = Non-vault monster count
 E = Vault monster count
 F = Vault count percentage of total count
                 A         B        C        D         E       F
            +---------+---------+-------+---------+---------+-------
      Total |     152 |       0 |   0.0 |      31 |       0 |   0.0
            +---------+---------+-------+---------+---------+-------
        D:1 |      31 |       0 |   0.0 |      17 |       0 |   0.0
        D:2 |       6 |       0 |   0.0 |       3 |       0 |   0.0
        D:3 |     115 |       0 |   0.0 |      11 |       0 |   0.0
            +---------+---------+-------+---------+---------+-------
